 Dungeon Crawl Stone Soup version 0.20-a0-443-g0464b71 (webtiles) character file.

28 Ijustatesigmund the Slasher (level 3, -8/20 HPs)
             Began as a Vine Stalker Monk on Jan 6, 2017.
             Mangled by a gnoll
             ... wielding a +1 spear of venom
              (9 damage)
             ... on level 1 of the Dungeon.
             The game lasted 00:05:21 (1088 turns).

Ijustatesigmund the Slasher (Vine Stalker Monk)     Turns: 1088, Time: 00:05:21

Health: -8/20      AC:  3    Str: 14    XL:     3   Next: 12%
Magic:  0/4        EV: 13    Int: 10    God:
Gold:   69         SH:  0    Dex: 16    Spells: 2/2 levels left

rFire  . . .     SeeInvis .     a - +1 falchion
rCold  . . .     Gourm    .     b - +1 robe
rNeg   . . .     Faith    .     (no shield)
rPois  .         Spirit   +     (no helmet)
rElec  .         Reflect  .     (no cloak)
rCorr  .         Harm     .     (no gloves)
MR     .....                    (no boots)
Stlth  ++........               (no amulet)
                                (no ring)
                                (no ring)

@: no status effects
A: fangs 2, magic shield, antimagic bite, no potion heal 3, rot immunity
a: no special abilities


You were on level 1 of the Dungeon.
You were hungry.

You visited 1 branch of the dungeon, and saw 2 of its levels.

You collected 69 gold pieces.

Inventory:

Hand Weapons
 a - a +1 falchion (weapon)
Armour
 b - a +1 robe (worn)
Jewellery
 d - a cursed ring of loudness {unknown}
 g - an uncursed amulet of rage {unknown}
Potions
 e - a potion of cure mutation
 h - a potion of curing
 i - a potion of might {unknown}
 j - a potion of flight {unknown}
 k - 2 potions of brilliance {unknown}
 l - a potion of degeneration {unknown}
Comestibles
 c - a bread ration


   Skills:
 + Level 3.1 Fighting
 + Level 3.1 Long Blades
 - Level 2.7 Dodging
 - Level 2.4 Stealth


You had 2 spell levels left.
You didn't know any spells.

Dungeon Overview and Level Annotations

Branches:
Dungeon (2/15)

Altars:


Innate Abilities, Weirdness & Mutations

You have extremely sharp teeth.
When hurt, damage is shared between your health and your magic reserves.
Your bite disrupts and absorbs the magic of your enemies.
Potions cannot restore your health.
You are immune to rotting.


Message History

You climb upwards.
There is a stone staircase leading down here.
Okay, then.
You hit the gnoll but do no damage.
The gnoll hits you with a spear of venom.
You are poisoned.
The gnoll barely misses you.
You riposte.
You hit the gnoll but do no damage. You bite the gnoll, but do no damage.
You hit the gnoll.
The gnoll is moderately wounded.
You feel sick. The gnoll closely misses you. The gnoll hits you with a spear!
* * * LOW HITPOINT WARNING * * *
It was a potion of curing.
Your system rejects the healing.
You feel better.
The gnoll hits you with a spear of venom.
* * * LOW HITPOINT WARNING * * *
You are lethally poisoned!
The gnoll barely misses you.
Your system rejects the healing.
You feel better.
The gnoll hits you with a spear of venom!
You die...

##'## ######### ##.#.#.##..
##...## #.#.#.#.# #.###.#####
#....)###.#.#.#.### ##.#..#.)##
............([....# ##.#.#.##.
........#.#.#.#.#.#######...#†#..
........#.#.#.#.#...........#..†+
........#################...#.###
.......## #.###g# ###.#..## #
#.....## ##.#@## #.....## ##...##
##g## #.###.## ##'## #.# #.# #..#
#.# #.# #.###..# #.# #.#
#...[..#### ##.## #.# #####......
##...#### #.# #...### #.......#
#.# #.#...# ##...##.#######.#
#...#.#


You could see 2 gnolls.

Vanquished Creatures
  An ooze (D:1)
  2 dart slugs (D:1)
  2 giant cockroaches (D:1)
  2 goblins (D:1)
  2 hobgoblins (D:1)
  A kobold (D:1)
  2 bats (D:1)
  4 frilled lizards (D:1)
  5 rats (D:1)
21 creatures vanquished.

Notes
Turn   | Place    | Note
-------+----------+-------------------------------------------
     0 | D:1      | Ijustatesigmund the Vine Stalker Monk began the quest for the Orb.
     0 | D:1      | Reached XP level 1. HP: 11/11 MP: 2/2
   176 | D:1      | Reached XP level 2. HP: 13/16 MP: 3/3
   778 | D:1      | Reached XP level 3. HP: 20/20 MP: 4/4
  1087 | D:1      | HP: 1/20 [gnoll/spear of venom (4)]
  1088 | D:1      | Mangled by a gnoll

Vault maps used:
D:1:      dpeg_arrival_simpleton_a, minmay_misc_feat_hallway,
          hangedman_decor_clover_reticule, corexii_hall_statues_l, st_stairs_6,
          minmay_cut_off
D:2:      minmay_mini_jars

Skill      XL: |  1  2 |
---------------+-------+-----
Long Blades    | 3 |  3.1
Fighting       | 3 |  3.1
Dodging        | |  2.7
Stealth        | |  2.4

Action                   || total
-------------------------++-------
Melee: Falchion          ||    46
       Bite              ||    12
  Use: Scroll            ||     5
       Potion            ||     2
 Stab: Sleeping          ||     6
Armor: Robe              ||    11
Dodge: Dodged            ||    26
       Rpst.: Falchion   ||    11
